 Dungeon Crawl Stone Soup version 0.28-a0-247-gb8bfbab023 (webtiles) character file.

Game seed: 4579826667752857715

291 gruber the Chiller (level 6, -3/66 HPs)
             Began as a Gnoll Ice Elementalist on Aug 25, 2021.
             Killed by divine providence
             ... invoked by an orc priest
              (11 damage)
             ... on level 3 of the Dungeon.
             The game lasted 00:03:40 (2851 turns).

gruber the Chiller (Gnoll Ice Elementalist)         Turns: 2851, Time: 00:03:41

Health: -3/66      AC: 23    Str:  7    XL:     6   Next: 32%
Magic:  9/14       EV:  2    Int: 16    God:
Gold:   112        SH:  0    Dex: 13    Spells: 11/15 levels left

rFire   . . .      SeeInvis .   i - +0 long sword (flame)
rCold   . . .      Faith    .   (no shield)
rNeg    + + +      Spirit   .   (armour currently unavailable)
rPois   +          Reflect  .   (helmet currently unavailable)
rElec   .          Harm     .   (cloak currently unavailable)
rCorr   .          Rampage  .   (gloves currently unavailable)
Will    .....      NoTele   +   (boots currently unavailable)
Stlth   +++.......              (no amulet)
HPRegen 0.21/turn               (no ring)
MPRegen 0.14/turn               (no ring)

@: tree-form, freezing walls
A: stationary, stasis, torment immunity, boosted hp, (fangs 1), strong nose,
distributed training
a: no special abilities


You were on level 3 of the Dungeon.
You were a tree.
You visited 1 branch of the dungeon, and saw 4 of its levels.

You collected 112 gold pieces.

Inventory:

Hand Weapons
 c - a +0 spear
 h - a +0 rapier
 i - a +0 long sword of flaming (weapon)
Armour
 a - a +0 robe (melded)
 m - a +0 helmet (melded)
Jewellery
 n - a +6 ring of strength
Wands
 k - a wand of flame (8)
Scrolls
 b - 2 scrolls of enchant weapon {unknown}
 d - 3 scrolls of identify {unknown}
 j - a scroll of noise {unknown}
Potions
 e - a potion of lignification
 f - a potion of degeneration {unknown}
 g - a potion of heal wounds {unknown}
 l - a potion of attraction {unknown}


   Skills:
 + Level 1.9 Fighting
 + Level 1.9 Short Blades
 + Level 1.9 Long Blades
 + Level 1.9 Axes
 + Level 1.9 Maces & Flails
 + Level 1.9 Polearms
 + Level 1.9 Staves
 + Level 1.9 Slings
 + Level 1.9 Bows
 + Level 1.9 Crossbows
 + Level 1.9 Throwing
 + Level 1.9 Armour
 + Level 5.0 Dodging
 + Level 4.6 Stealth
 + Level 1.9 Shields
 + Level 1.9 Unarmed Combat
 + Level 5.3 Spellcasting
 + Level 1.5 Conjurations
 + Level 1.5 Hexes
 + Level 1.5 Summonings
 + Level 1.5 Necromancy
 + Level 1.5 Translocations
 + Level 1.5 Transmutations
 + Level 1.5 Fire Magic
 + Level 7.3 Ice Magic
 + Level 1.5 Air Magic
 + Level 1.5 Earth Magic
 + Level 1.5 Poison Magic
 + Level 2.1 Invocations
 + Level 1.9 Evocations


You had 11 spell levels left.
You knew the following spells:

 Your Spells              Type           Power      Damage    Failure   Level
a - Freeze                Ice            100%       1d11      1%          1
b - Frozen Ramparts       Ice            54%        1d7       2%          3

Your spell library contained the following spells:

 Spells                   Type           Power      Damage    Failure   Level
 Ozocubu's Armour         Ice            27%        N/A       2%          3
 Hailstorm                Conj/Ice       18%        3d6       24%         4


Dungeon Overview and Level Annotations

Branches:
Dungeon (4/15)
 Temple: D:4-7

Altars:


Innate Abilities, Weirdness & Mutations

You are a tree.
Your roots penetrate the ground, keeping you stationary.
You cannot be teleported.
You are immune to unholy pain and torment.
Your maximum health is greatly increased.
Your equipment is partially melded.
((You have very sharp teeth.))
Your uncanny sense of smell can sniff out nearby items.
Your experience applies equally to all skills.


Message History

The wall freezes something.
Unknown command.
Unknown command.
Unknown command.
Aiming: Throw Flame
Press: ? - help, Shift-Dir - straight line, f - orc priest
Aim: an orc priest, wielding a +0 dagger and wearing a +0 ring mail (75% to hit)
The puff of flame misses the orc priest.
The wall freezes the ogre.
The wall freezes the orc.
Unknown command.
Unknown command.
You are too injured to fight recklessly!
Casting: Frozen Ramparts (dangerous; 2% risk of failure)
Confirm with . or Enter, or press ? or * to list all spells.
Aiming: Freeze (safe; 1% risk of failure)
Press: ? - help, Shift-Dir - straight line, f - orc, p - orc priest
Aim: an orc, wielding a +0 hand axe of freezing (lightly wounded)
You freeze the orc!
You kill the orc!
The wall freezes something.
Something hits you but does no damage.
The wall freezes the orc priest.
Your Dodging skill increases to level 5!
Unknown command.
Casting: Freeze (safe; 1% risk of failure)
Confirm with . or Enter, or press ? or * to list all spells.
Aiming: Freeze (safe; 1% risk of failure)
Press: ? - help, Shift-Dir - straight line, f - ogre
Aim: an ogre, wielding a +0 giant spiked club (heavily wounded)
You freeze the ogre!
The ogre is severely wounded.
The ogre hits you with a +0 giant spiked club.
* * * LOW HITPOINT WARNING * * *
The wall freezes something.
You hear some strange, mumbled words.
A magic dart appears from out of thin air!
The magic dart hits you but does no damage.
The wall freezes the orc priest!
The orc priest calls down the wrath of Beogh upon you.
Beogh smites you!
You die...

##.#.# #...# #...†.#.# #.####
#.#.## #...# #..##.#.## #.#
###.#)###...###.......)# #.#
..####......#...(⌠.⌠...# #.# ..#
#......###........# #.####
..####......# #...._.⌠.# #....#
(...........# #.......## ####.#
...........)###..O...⌠### #.#
...........))...♣{o...>.# #.#
...........[#########..## #.#
..............# #.....# #.#
........(...#.# #.##..#######.#
............#.####)............#
............#.#.......########.#
............#...####)..........#
............###.# #...........#
............# #.# #...........#


You could see an ogre and an orc priest.

Vanquished Creatures
  An iguana (D:3)
  Ijyb (D:3)
  Terence (D:3)
  Natasha (thrice) (D:3)
  Robin (D:3)
  5 adders
  4 dart slugs
  9 orcs
  3 ball pythons (D:3)
  3 bats
  4 endoplasms
  2 giant cockroaches (D:1)
  15 goblins
  4 hobgoblins
  2 jackals (D:1)
  5 kobolds
  2 frilled lizards
  4 rats
69 creatures vanquished.

Notes
Turn   | Place    | Note
-------+----------+-------------------------------------------
     0 | D:1      | gruber the Gnoll Ice Elementalist began the quest for the
                  | Orb.
     0 | D:1      | Reached XP level 1. HP: 13/13 MP: 6/6
   203 | D:1      | Reached XP level 2. HP: 19/19 MP: 5/7
   604 | D:1      | Reached skill level 5 in Spellcasting
   604 | D:1      | Reached XP level 3. HP: 25/25 MP: 5/9
  1326 | D:2      | You fall into a shaft and drop 2 floors!
  1333 | D:4      | Reached skill level 1 in Invocations
  1364 | D:4      | Reached skill level 1 in Fighting
  1364 | D:4      | Reached skill level 1 in Short Blades
  1364 | D:4      | Reached skill level 1 in Long Blades
  1364 | D:4      | Reached skill level 1 in Axes
  1364 | D:4      | Reached skill level 1 in Maces & Flails
  1364 | D:4      | Reached skill level 1 in Polearms
  1364 | D:4      | Reached skill level 1 in Staves
  1364 | D:4      | Reached skill level 1 in Slings
  1364 | D:4      | Reached skill level 1 in Bows
  1364 | D:4      | Reached skill level 1 in Crossbows
  1364 | D:4      | Reached skill level 1 in Throwing
  1364 | D:4      | Reached skill level 1 in Armour
  1364 | D:4      | Reached skill level 1 in Shields
  1364 | D:4      | Reached skill level 1 in Unarmed Combat
  1364 | D:4      | Reached skill level 1 in Evocations
  1565 | D:3      | Noticed Terence
  1571 | D:3      | Killed Terence
  1572 | D:3      | Reached XP level 4. HP: 25/32 MP: 7/11
  1579 | D:3      | Learned a level 3 spell: Frozen Ramparts
  1787 | D:3      | Noticed Natasha
  1792 | D:3      | Reached skill level 1 in Conjurations
  1792 | D:3      | Reached skill level 1 in Hexes
  1792 | D:3      | Reached skill level 1 in Summonings
  1792 | D:3      | Reached skill level 1 in Necromancy
  1792 | D:3      | Reached skill level 1 in Translocations
  1792 | D:3      | Reached skill level 1 in Transmutations
  1792 | D:3      | Reached skill level 1 in Fire Magic
  1792 | D:3      | Reached skill level 1 in Air Magic
  1792 | D:3      | Reached skill level 1 in Earth Magic
  1792 | D:3      | Reached skill level 1 in Poison Magic
  1792 | D:3      | Killed Natasha
  1793 | D:3      | Reached XP level 5. HP: 31/37 MP: 7/12
  1889 | D:3      | Noticed Natasha
  1899 | D:3      | Killed Natasha
  1975 | D:3      | Found a faded altar of an unknown god.
  2089 | D:3      | Noticed Ijyb
  2097 | D:3      | Killed Ijyb
  2379 | D:3      | Noticed Natasha
  2388 | D:3      | Killed Natasha
  2389 | D:3      | Reached XP level 6. HP: 37/44 MP: 9/13
  2468 | D:3      | Noticed Robin
  2478 | D:3      | Killed Robin
  2851 | D:3      | Reached skill level 5 in Dodging
  2851 | D:3      | Killed from afar by an orc priest

Illustrated notes

Levels and vault maps discovered:
D:1:      amcnicky_arrival_double_pillar, layout_basic,
          chequers_serial_rivers_marsh, lemuel_old_faithful
D:2:      cheibrodos_old_hovel, layout_loops_ring, basic_altar
D:3:      layout_basic, hellmonk_ecumenical_altar_run_dry, minivault_24,
          uniq_robin, uniq_ijyb, uniq_terence, uniq_natasha
D:4:      layout_rooms, hangedman_decor_peaks_small

Skill      XL: |  1  2  3  4  5  6 |
---------------+-------------------+-----
Spellcasting   | 5 |  5.3
Invocations    | 1 2 |  2.1
Fighting       | 1 |  1.9
Short Blades   | 1 |  1.9
Long Blades    | 1 |  1.9
Axes           | 1 |  1.9
Maces & Flails | 1 |  1.9
Polearms       | 1 |  1.9
Staves         | 1 |  1.9
Slings         | 1 |  1.9
Bows           | 1 |  1.9
Crossbows      | 1 |  1.9
Throwing       | 1 |  1.9
Armour         | 1 |  1.9
Shields        | 1 |  1.9
Unarmed Combat | 1 |  1.9
Evocations     | 1 |  1.9
Conjurations   | 1 |  1.5
Hexes          | 1 |  1.5
Summonings     | 1 |  1.5
Necromancy     | 1 |  1.5
Translocations | 1 |  1.5
Transmutations | 1 |  1.5
Fire Magic     | 1 |  1.5
Air Magic      | 1 |  1.5
Earth Magic    | 1 |  1.5
Poison Magic   | 1 |  1.5
Dodging        | 5 |  5.0
Stealth        | |  4.6
Ice Magic      | |  7.3

Action                   |  1- 3 |  4- 6 || total
-------------------------+-------+-------++-------
Melee: Unarmed           |     9 |       ||     9
       Spear             |     7 |       ||     7
       Rapier            |     2 |     4 ||     6
       Bite              |     1 |     2 ||     3
       Long sword        |       |    17 ||    17
 Cast: Freeze            |    50 |    24 ||    74
       Frozen Ramparts   |       |    11 ||    11
Evoke: Wand              |       |     1 ||     1
  Use: Potion            |       |     1 ||     1
 Stab: Sleeping          |     2 |     1 ||     3
Armor: Robe              |     5 |     8 ||    13
       Skin              |       |     3 ||     3
Dodge: Dodged            |    26 |    22 ||    48
       Rpst.: Long sword |       |     7 ||     7

Table legend: (Time is in decaauts)
 A = Elapsed time spent in this place.
 B = Non-inter-level travel time spent in this place.
 C = Inter-level travel time spent in this place.
 D = Time resting spent in this place.
 E = Time spent auto-exploring this place.
 F = Levels seen in this place.
 G = Mean time per level.
                   A        B        C        D        E       F      G
               +--------+--------+--------+--------+--------+-----+--------+
         Total |   2862 |   2787 |     75 |      6 |   2343 |   4 |  715.5 |
       Dungeon |   2862 |   2787 |     75 |      6 |   2343 |   4 |  715.5 |
               +--------+--------+--------+--------+--------+-----+--------+

Top non-repeatable levels by time:
     D:3: 1358 daAuts
     D:1: 1272 daAuts
     D:4: 172 daAuts
     D:2: 59 daAuts
